 Dungeon Crawl Stone Soup version 0.29.1-15-g9cfb28693d (webtiles) character file.

Game seed: 16956599022523840573

177 pokedragonboy the Conjurer (level 5, 0/28 HPs)
             Began as a Deep Elf Conjurer on Mar 10, 2023.
             Slain by a bullfrog (6 damage)
             ... in a sewer.
             The game lasted 00:09:26 (2347 turns).

pokedragonboy the Conjurer (Deep Elf Conjurer)      Turns: 2347, Time: 00:09:27

Health: 0/28       AC:  2    Str:  4    XL:     5   Next: 31%
Magic:  11/13      EV:  9    Int: 25    God:
Gold:   72         SH:  0    Dex: 13    Spells: 5/12 levels left

rFire   . . .      SeeInvis .   p - +2 war axe "Esujaph" {drain, Will+ Stlth+}
rCold   . . .      Faith    .   (no shield)
rNeg    . . .      Spirit   .   q - +0 robe
rPois   .          Reflect  .   (no helmet)
rElec   .          Harm     .   (no cloak)
rCorr   .          Rampage  .   (no gloves)
Will    +....                   (no boots)
Stlth   +++.......              (no amulet)
HPRegen 0.09/turn               (no ring)
MPRegen 0.13/turn               (no ring)

@: constricted
A: no striking features
a: no special abilities


You were in a sewer.
You visited 1 branch of the dungeon, and saw 3 of its levels.
You also visited: Sewer.

You collected 72 gold pieces.

Inventory:

Hand Weapons
 g - a +0 sling of freezing
 i - a +2 dagger of protection
 p - the +2 war axe "Esujaph" (weapon) {drain, Will+ Stlth+}
   (You found it in a sewer)

   A truly terrible weapon, it drains the life of any living foe it strikes.
   Will:      It increases your willpower.
   Stlth:     It makes you more stealthy.
Armour
 q - a +0 robe (worn)
Jewellery
 m - a ring of ice
Scrolls
 c - a scroll of noise
 j - a scroll of immolation {unknown}
 o - a scroll of teleportation {unknown}
Potions
 a - a potion of invisibility {unknown}
 b - 2 potions of magic
 e - a potion of heal wounds {unknown}
 f - 2 potions of haste
 k - a potion of curing
 l - a potion of lignification {unknown}
 n - a potion of brilliance {unknown}


   Skills:
 - Level 3.0 Dodging
 - Level 2.4 Stealth
 + Level 4.4 Spellcasting
 * Level 5.9 Conjurations
 + Level 3.0 Hexes


You had 5 spell levels left.
You knew the following spells:

 Your Spells              Type           Power      Damage    Failure   Level
a - Magic Dart            Conj           100%       1d8       1%          1
b - Searing Ray           Conj           70%        2d7       1%          2
c - Fulminant Prism       Conj/Hex       13%        3d9       14%         4

Your spell library contained the following spells:

 Spells                   Type           Power      Damage    Failure   Level
 Dazzling Flash           Conj/Hex       54%        N/A       4%          3
 Iskenderun's Mystic Bla  Conj/Tloc      20%        2d6       26%         4


Dungeon Overview and Level Annotations

Branches:
Dungeon (3/15)              Sewer (1/1)

Altars:

Annotations:
D:2 Robin


Message History

2 ball pythons come into view.
Your bat misses the adder. The ball python misses your bat. x2
Your bat closely misses the bullfrog.
Your bat dissolves into shadows!
The frilled lizard unfolds its giant frill.
The adder closely misses you.
Casting: Magic Dart (safe; 1% risk of failure)
Confirm with . or Enter, or press ? or * to list all spells.
Aiming: Searing Ray (safe; 1% risk of failure)
Press: ? - help, Shift-Dir - straight line, f - bullfrog
Aim: a bullfrog (water, 76% to hit)
The searing ray hits the adder!
The adder is severely wounded.
The searing ray hits the bullfrog!
The bullfrog is heavily wounded. (Press . to maintain the ray.)
The bullfrog closely misses you. The adder bites you. The bullfrog hits you.
The ball python attacks as you move away!
The ball python barely misses you. x2; The bullfrog closely misses you.
The adder closely misses you. The ball python bites you.
The ball python grabs you. The ball python constricts you.
You escape the ball python's grasp.
The ball python attacks as you move away!
The ball python completely misses you. The ball python barely misses you.
The bullfrog snags a nearby blue-tailed skink with its tongue.
The bullfrog misses you. The bullfrog barely misses you.
The bullfrog completely misses you. The bullfrog hits you.
As you read the scroll labelled GIATIC DOAGES, it crumbles to dust.
It is a scroll of identify.
f - 2 potions of haste The bullfrog closely misses you.
The adder bites you. The ball python bites you. The ball python grabs you.
The ball python constricts you.
The ball python bites you but does no damage.
The bullfrog hits you. x2
* * * LOW HITPOINT WARNING * * *
You feel better. The adder bites you.
* * * LOW HITPOINT WARNING * * *
The bullfrog hits you.
You die...

######################
###†.≈≈≈≈≈≈≈≈SS≈≈≈≈≈....
##....≈≈≈≈≈≈~.@FS≈≈≈≈....
#.....≈≈≈~~~#SF#~~≈≈~....
#.....~~~~≈≈≈≈≈l≈~~~#....
##.....≈≈≈≈≈≈≈≈≈≈≈≈≈≈≈....
#†...†#≈≈≈≈≈≈≈≈≈≈≈≈≈≈≈#...
#....################## #+
##..†#### #....#..#
#....'S.#


You could see 2 bullfrogs, an adder, 3 ball pythons and a frilled lizard.

Vanquished Creatures
  4 adders
  3 river rats
  6 worms
  3 dart slugs
  6 bats
  5 endoplasms
  12 goblins
  4 hobgoblins
  3 jackals (D:2)
  3 kobolds (D:1)
  5 quokkas
  10 ball pythons
  A frilled lizard (D:2)
  38 rats
103 creatures vanquished.

Vanquished Creatures (collateral kills)
  A ball python (Sewer)
1 creature vanquished.

Grand Total: 104 creatures vanquished

Notes
Turn   | Place    | Note
-------+----------+-------------------------------------------
     0 | D:1      | pokedragonboy the Deep Elf Conjurer began the quest for the
                  | Orb.
     0 | D:1      | Reached XP level 1. HP: 10/10 MP: 6/6
   189 | D:1      | Reached XP level 2. HP: 15/15 MP: 5/8
   194 | D:1      | Learned a level 2 spell: Searing Ray
   553 | D:1      | Reached skill level 1 in Hexes
   808 | D:2      | Reached XP level 3. HP: 19/19 MP: 2/9
  1105 | D:2      | Reached skill level 5 in Conjurations
  1284 | D:2      | Noticed Robin
  1373 | D:3      | Reached XP level 4. HP: 22/24 MP: 2/11
  1384 | D:3      | Learned a level 4 spell: Fulminant Prism
  1691 | D:3      | Found a glowing drain.
  1708 | Sewer    | Entered a sewer
  1937 | Sewer    | Reached XP level 5. HP: 22/28 MP: 8/13
  2213 | Sewer    | Identified the +2 war axe "Esujaph" {drain, Will+ Stlth+}
  2347 | Sewer    | Slain by a bullfrog

Illustrated notes

Levels and vault maps discovered:
D:1:      dpeg_arrival_simpleton_b, layout_basic, dk_noncrumbling_4
D:2:      layout_rooms, serial_shops, nicolae_diamond_shop,
          chequers_ecumenical_altar_simple, uniq_robin
D:3:      layout_loops_ring, marbit_many_paths, serial_glass, glass_columns_a,
          glass_columns_b, lightli_sewer_entry_pipes
Sewer:    sewer_minmay_w

Skill      XL: |  1  2  3  4  5 |
---------------+----------------+-----
Dodging        | 3 |  3.0
Hexes          | 1 2 3 |  3.0
Conjurations   | 5 |  5.9
Spellcasting   | 4 |  4.4
Stealth        | |  2.4

Action                   |  1- 3 |  4- 6 || total
-------------------------+-------+-------++-------
Melee: Dagger            |     1 |    19 ||    20
       War axe           |       |     2 ||     2
 Cast: Magic Dart        |    63 |    51 ||   114
       Searing Ray       |    10 |    13 ||    23
  Use: Scroll            |       |     3 ||     3
       Potion            |       |     1 ||     1
Armor: Robe              |     5 |     7 ||    12
Dodge: Dodged            |     6 |    33 ||    39
